 Dungeon Crawl Stone Soup version 0.31-a0-618-g7ca08c1ff9 (webtiles) character file.

Game seed: 1978345039861794762

4945 Twinkles the Cruncher (level 10, -1/141 HPs)
             Began as a Minotaur Berserker on Aug 22, 2023.
             Was a Priest of Trog.
             Killed from afar by an acid dragon (18 damage)
             ... with a splash of acid
             ... on level 9 of the Dungeon.
             The game lasted 00:14:09 (7930 turns).

Twinkles the Cruncher (Minotaur Berserker)          Turns: 7930, Time: 00:14:10

Health: -1/141     AC:  6    Str: 32    XL:     10   Next: 28%
Magic:  0/9        EV:  9    Int:  4    God:    Trog [***...]
Gold:   276        SH:  0    Dex: 16    Spells: 9/9 levels left

rFire   + . .        e - +1 lajatang (vamp)
rCold   + . .        (shield currently unavailable)
rNeg    . . .        u - +0 plate armour
rPois   .            (helmet restricted)
rElec   .            v - scarf {rC+ rF+}
rCorr   .            (no gloves)
SInv    .            (no boots)
Will    ++...        I - amulet of guardian spirit Stlth
                     i - +6 ring of dexterity
HPRegen 1.43/turn    o - +6 ring of strength
MPRegen 0.11/turn

%: guardian spirit
@: berserking, strong-willed (expiring), corroded, regenerating (expiring), very
quick
A: horns 2, retaliatory headbutt
a: Renounce Religion, Berserk, Trog's Hand


You were on level 9 of the Dungeon.
You worshipped Trog.
Trog was most pleased with you.
You visited 1 branch of the dungeon, and saw 9 of its levels.
You also visited: Ossuary.

You collected 816 gold pieces.
You spent 540 gold pieces at shops.

Inventory:

Hand Weapons
 a - a +0 hand axe
 e - a +1 vampiric lajatang (weapon)
 K - a +0 quarterstaff
Missiles
 f - 18 poisoned darts
 w - 11 boomerangs
Armour
 b - a +0 animal skin
 s - a +0 buckler
 u - a +0 plate armour (worn)
 v - a scarf of resistance (worn)
Jewellery
 i - a +6 ring of dexterity (left hand)
 o - a +6 ring of strength (right hand)
 C - a +6 ring of dexterity
 I - an amulet of guardian spirit (around neck)
Wands
 h - a wand of acid (12)
 j - a wand of polymorph (2)
 q - a wand of flame (28)
 y - a wand of mindburst (20)
Scrolls
 d - 2 scrolls of enchant weapon {unknown}
 g - 2 scrolls of enchant armour {unknown}
 k - 3 scrolls of blinking {unknown}
 l - a scroll of torment {unknown}
 n - 2 scrolls of teleportation {unknown}
 p - a scroll of fear {unknown}
 t - a scroll of silence {unknown}
 x - 3 scrolls of amnesia
 z - 2 scrolls of revelation {unknown}
 D - a scroll of vulnerability {unknown}
 E - a scroll of fog {unknown}
 L - 2 scrolls of brand weapon {unknown}
 O - a scroll of noise {unknown}
 Z - 3 scrolls of identify
Potions
 m - a potion of enlightenment
 A - a potion of attraction
 B - a potion of brilliance
 G - 3 potions of ambrosia
 H - 2 potions of haste
 J - 7 potions of curing
 M - a potion of might
 N - 3 potions of heal wounds
 P - 4 potions of lignification
 Q - a potion of magic
 R - a potion of resistance


   Skills:
 + Level 10.3 Fighting
 - Level 6.3 Axes
 * Level 11.4 Staves
 + Level 9.3 Armour
 - Level 2.1 Dodging


You had 9 spell levels left.
You didn't know any spells.
Your spell library was empty.

Dungeon Overview and Level Annotations

Branches:
Dungeon (9/15) Zot: 26785  Temple (0/1) D:4            Lair (0/5) D:9
Ossuary (visited)
    Orc: D:9-12

Altars:
Cheibriados
Dithmenos
Fedhas
Gozag
Okawaru
Sif Muna
Xom
Zin

Shops:
D:5 (([   D:8 :

Annotations:
D:9 4 transporters


Innate Abilities, Weirdness & Mutations

You have a pair of horns on your head.
You reflexively headbutt those who attack you in melee.


Message History

The splash of acid hits you! The acid corrodes you!
You are too injured to fight recklessly!
You are too injured to fight recklessly!
You are too injured to fight recklessly!
Okay, then.
Unknown command.
Unknown command.
Your skin crawls.
You feel strong-willed. The acid dragon spits acid at you.
The splash of acid hits you! The acid corrodes you!
The acid dragon closely misses you. x2
A red film seems to cover your vision as you go berserk!
You feel yourself moving faster!
You feel mighty!
You feel the effects of Trog's Hand fading.
The acid dragon spits acid at you. The splash of acid hits you!!
The acid dragon closely misses you. You furiously retaliate!
You headbutt the acid dragon.
The acid dragon claws you but does no damage.
You barely miss the acid dragon.
The acid dragon is lightly wounded.
The acid dragon spits acid at you. The splash of acid hits you!!
* * * LOW HITPOINT WARNING * * *
The acid dragon bites you but does no damage.
The acid dragon claws you.
* * * LOW HITPOINT WARNING * * *
You are too berserk!
Unknown command.
Unknown command.
You closely miss the acid dragon. You headbutt the acid dragon.
The acid dragon is lightly wounded.
You slash the acid dragon!
You feel better.
The acid dragon is severely wounded.
The orc priest calls down the wrath of Beogh upon you.
Beogh smites you!
* * * LOW HITPOINT WARNING * * *
The acid dragon spits acid at you. The splash of acid hits you!!
You die...

..≈..#..#...#(. #..
##.≈..#..#...#.. #..
..≈D##..###.>.. #..≈
#.≈!#.......#.. #..≈.
#.≈.#.......#..
#..≈.#####.≈.#.......#..
#..≈...o...≈.#...†...#..
#..≈≈≈≈≈≈≈≈≈†#...##..##.
#...ooD@)........#......
#....o#..........#......
##### #..........#......
#..........# ....
#########..# ### .....
..... ######


You could see 2 acid dragons, an orc priest, an orc wizard and 2 orcs.

Vanquished Creatures
  Erica (D:8)
  A two-headed ogre (D:9)
  2 wraiths
  2 wyverns
  A steam dragon (D:8)
  Menkaure (D:7)
  An acid dragon (D:9)
  2 water moccasins
  2 orc warriors
  An ice beast (D:7)
  An ogre (D:6)
  A black bear (D:7)
  A centaur (D:7)
  A phantom (D:6)
  Blork the orc (D:4)
  A kobold brigand (D:7)
  3 bullfrogs
  4 scorpions
  5 wights (D:8)
  3 killer bees (D:9)
  4 howler monkeys
  4 hounds
  A human zombie (Ossuary)
  An orc priest (D:8)
  5 jellies
  A gnoll bouda (D:8)
  A sleepcap (D:7)
  Ijyb (D:5)
  6 iguanas
  4 orc wizards
  3 mummies (Ossuary)
  Robin (D:2)
  4 gnolls
  3 adders
  2 shadow imps
  2 ufetubi
  5 worms
  21 orcs
  4 ball pythons
  3 bats (D:2)
  8 endoplasms
  4 giant cockroaches
  2 gnoll zombies (Ossuary)
  13 goblins
  7 hobgoblins
  A jackal (D:3)
  8 kobolds
  8 quokkas
  A frilled lizard (D:1)
  4 goblin zombies (Ossuary)
  3 hobgoblin zombies (Ossuary)
  2 kobold zombies (Ossuary)
  4 rats
176 creatures vanquished.

Notes
Turn   | Place    | Note
-------+----------+-------------------------------------------
     0 | D:1      | Twinkles the Minotaur Berserker began the quest for the
                  | Orb.
     0 | D:1      | Reached XP level 1. HP: 19/19 MP: 0/0
   227 | D:1      | Reached XP level 2. HP: 21/27 MP: 1/1
   645 | D:2      | Reached ** piety under Trog
   741 | D:2      | Reached XP level 3. HP: 34/34 MP: 2/2
   781 | D:2      | Noticed Robin
   802 | D:2      | Killed Robin
  1658 | D:3      | Reached XP level 4. HP: 41/41 MP: 3/3
  1704 | D:3      | Reached skill level 5 in Fighting
  1709 | D:3      | Reached skill level 5 in Axes
  1820 | D:3      | HP: 10/42 [adder (4)]
  1822 | D:3      | HP: 3/42 [adder (3)]
  1822 | D:3      | HP: 1/42 [adder (2)]
  2449 | D:4      | Noticed Blork the orc
  2451 | D:4      | Found a blossoming altar of Fedhas.
  2454 | D:4      | Killed Blork the orc
  2455 | D:4      | Reached XP level 5. HP: 43/48 MP: 4/4
  2587 | D:4      | Found a staircase to the Ecumenical Temple.
  2808 | D:4      | Noticed a water moccasin
  2814 | D:4      | Reached XP level 6. HP: 53/57 MP: 5/5
  2821 | D:4      | Killed a water moccasin
  2885 | D:4      | Found a shadowy altar of Dithmenos.
  3200 | D:5      | Entered Level 5 of the Dungeon
  3200 | D:5      | Found Join's Antique Weapon Emporium.
  3200 | D:5      | Found Vurchescho's Weapon Emporium.
  3200 | D:5      | Found Valubuw's Armour Emporium.
  3241 | D:5      | Found an iron altar of Okawaru.
  3251 | D:5      | Reached skill level 1 in Staves
  3258 | D:5      | Noticed Ijyb
  3267 | D:5      | Reached skill level 2 in Staves
  3267 | D:5      | Reached XP level 7. HP: 44/64 MP: 6/6
  3269 | D:5      | Killed Ijyb
  3271 | D:5      | Reached skill level 3 in Staves
  3271 | D:5      | Reached skill level 5 in Armour
  3569 | D:5      | Reached skill level 4 in Staves
  3723 | D:5      | Found a shimmering altar of Xom.
  3984 | D:6      | Reached *** piety under Trog
  3995 | D:6      | Reached skill level 5 in Staves
  3995 | D:6      | Reached XP level 8. HP: 58/73 MP: 7/7
  4054 | D:6      | Found a sand-covered staircase.
  4063 | Ossuary  | Entered an ossuary
  4656 | D:6      | Found a faded altar of an unknown god.
  4855 | D:6      | HP: 12/74 [ogre/+0 giant club (26)]
  4858 | D:6      | Reached skill level 6 in Staves
  5556 | D:7      | Reached skill level 7 in Staves
  5931 | D:7      | Noticed Menkaure
  5935 | D:7      | Killed Menkaure
  5936 | D:7      | Reached XP level 9. HP: 82/82 MP: 6/8
  6023 | D:7      | Reached skill level 8 in Staves
  6537 | D:8      | Found a shimmering blue altar of Sif Muna.
  6575 | D:8      | Reached **** piety under Trog
  6586 | D:8      | Reached skill level 9 in Staves
  6806 | D:8      | Found Yged's Book Emporium.
  7110 | D:8      | Found a glowing silver altar of Zin.
  7110 | D:8      | Noticed an angel
  7132 | D:8      | Noticed Erica
  7146 | D:8      | Killed Erica
  7147 | D:8      | Reached skill level 10 in Staves
  7256 | D:8      | Found an opulent altar of Gozag.
  7376 | D:8      | Reached XP level 10. HP: 89/93 MP: 7/9
  7408 | D:8      | Found a snail-covered altar of Cheibriados.
  7633 | D:5      | Bought a runed lajatang for 540 gold pieces
  7797 | D:9      | Noticed a two-headed ogre
  7806 | D:9      | Reached skill level 10 in Fighting
  7811 | D:9      | Killed a two-headed ogre
  7812 | D:9      | Reached skill level 11 in Staves
  7833 | D:9      | Found a transporter.
  7839 | D:9      | Found a transporter.
  7840 | D:9      | Found a transporter.
  7853 | D:9      | Found a staircase to the Lair.
  7855 | D:9      | Found a transporter.
  7928 | D:9      | HP: 23/141 [acid dragon/splash of acid (20)]
  7930 | D:9      | Killed from afar by an acid dragon

Illustrated notes

Levels and vault maps discovered:
D:1:      psy_arrival_conway, layout_basic
D:2:      layout_loops_corners, minivault_23, roderic_lattice_a,
          wad_floor_pattern_2, uniq_robin
D:3:      minmay_wonky_spiral, layout_loops_ring
D:4:      layout_basic, nicolae_dithmenos_shadow_blocks,
          mainiacjoe_overflow_catwalk, minmay_temple_entry_statues_fountains,
          uniq_blork_the_orc
D:5:      layout_rooms, overflow_temple_1_default,
          mainiacjoe_overflow_tiny_flanked, nicolae_shop_distant_corner_stores,
          uniq_ijyb
D:6:      layout_cave_pods, serial_column_ruins, column_ruins_temple_circle,
          column_ruins_hut_ruined, column_ruins_grid_3, column_ruins_open_small,
          column_ruins_open_tiny, column_ruins_open_small_water,
          column_ruins_columns_T, lightli_ossuary_entry_decrepit_ruins,
          portal_sewer_entry_e
D:7:      layout_loops_ring, uniq_menkaure
D:8:      minmay_goldmine, layout_gridville, grunt_gozag_breadcrumbs,
          general_overflow_altar, zin_angel, mainiacjoe_overflow_alcove_2,
          serial_shops, nicolae_shop_tiny_real_fake_doors, uniq_erica
D:9:      layout_grid_maze, mainiacjoe_overflow_brackets,
          nicolae_overflow_crystal_walls, lair_entry_dummy,
          gammafunk_ghost_spectres, nicolae_transporter_circle

Skill      XL: |  1  2  3  4  5  6  7  8  9 10 |
---------------+-------------------------------+-----
Fighting       | 4 5 6 7 8 9 10 | 10.3
Axes           | 4 5 6 |  6.3
Armour         | 3 4 5 7 8 9 |  9.3
Staves         | 2 5 7 10 11 | 11.4
Dodging        | |  2.1

Action                     |  1- 3 |  4- 6 |  7- 9 | 10-12 || total
---------------------------+-------+-------+-------+-------++-------
  Melee: Hand axe          |    80 |    89 |   199 |       ||   368
         Headbutt          |    13 |    20 |    69 |     8 ||   110
         Quarterstaff      |       |       |   104 |     5 ||   109
         Lajatang          |       |       |       |    25 ||    25
 Invoke: Berserk           |     1 |     2 |     3 |     2 ||     8
         Trog's Hand       |       |     3 |     1 |     3 ||     7
    Use: Potion            |       |     1 |       |       ||     1
         Scroll            |       |       |       |    11 ||    11
   Stab: Sleeping          |     5 |     3 |       |       ||     8
 Armour: Animal skin       |    16 |     4 |       |       ||    20
         Plate armour      |       |    33 |   133 |    20 ||   186
  Dodge: Dodged            |    33 |    34 |    97 |    15 ||   179
  Block: Buckler           |     3 |    12 |    34 |       ||    49

Table legend: (Time is in decaauts)
 A = Elapsed time spent in this place.
 B = Non-inter-level travel time spent in this place.
 C = Inter-level travel time spent in this place.
 D = Time resting spent in this place.
 E = Time spent auto-exploring this place.
 F = Levels seen in this place.
 G = Mean time per level.
                   A        B        C        D        E       F      G
               +--------+--------+--------+--------+--------+-----+--------+
         Total |   8015 |   7414 |    601 |    263 |   5682 |  10 |  801.5 |
       Dungeon |   7431 |   6830 |    601 |    263 |   5233 |   9 |  825.7 |
       Ossuary |    583 |    583 |      0 |      0 |    449 |   1 |  583.0 |
               +--------+--------+--------+--------+--------+-----+--------+

Top non-repeatable levels by time:
     D:8: 1105 daAuts
     D:6: 1061 daAuts
     D:4: 996 daAuts
     D:2: 973 daAuts
     D:7: 944 daAuts
     D:3: 810 daAuts
     D:5: 741 daAuts
     D:1: 615 daAuts
 Ossuary: 583 daAuts
     D:9: 182 daAuts
